Map: 바니 연구소

Players

INnoVation - Winner!

  • Race: Terran Terran
  • League: Master
  • Spawn Location: 6:00

JJAKJI

  • Race: Terran Terran
  • Spawn Location: 12:00

VOD

Have the link to the VOD?

Description

Time

  • Played on: Nov. 27, 2016, 5:27 a.m.
  • Length: 19:32
Show
View Real Time Build Order
Export as new Build Order

INnoVation Terran - Winner!

Build Orders: 1/1/1, Bio Tank, Banshee Rush 

Get SALT Encoding   

  12  0:00  SCV  
  13  0:12  SCV  
  14  0:17  Supply Depot  
  14  0:25  SCV  
  15  0:29  Refinery  
  15  0:39  SCV  
  16  0:45  Barracks  
  16  0:51  SCV  
  17  0:57  Refinery  
  17  1:03  SCV  
  18  1:15  SCV  
  19  1:32  Orbital Command, Reaper  
  19  1:36  Factory  
  20  1:46  Supply Depot  
  20  1:57  SCV  
  21  2:04  Marine  
  22  2:11  SCV  
  23  2:21  Starport, Factory Tech Lab  
  23  2:22  Marine  
  24  2:23  SCV  
  24  2:29  Supply Depot  
  25  2:35  SCV  
  26  2:40  Marine  
  27  2:47  Widow Mine  
  27  2:48  SCV  
  30  2:58  Marine  
  30  3:01  SCV  
  30  3:04  Banshee  
  34  3:08  Supply Depot  
  34  3:13  SCV  
  34  3:17  Factory Reactor  
  34  3:18  Marine  
  36  3:25  SCV  
  37  3:37  SCV  
  37  3:38  Marine  
  39  3:47  Raven  
  41  3:51  Command Center  
  41  3:53  SCV  
  42  4:01  Factory Tech Lab  
  42  4:03  Supply Depot  
  42  4:07  SCV  
  43  4:10  Marine x2  
  45  4:19  SCV  
  45  4:21  Siege Tank  
  46  4:28  Supply Depot, Marine x2  
  46  4:30  Viking  
  50  4:32  SCV  
  51  4:44  SCV  
  52  4:53  Siege Tank  
  52  4:56  SCV  
  56  5:03  Orbital Command  
  56  5:07  Medivac x2  
  56  5:09  Stimpack, Marine  
  56  5:11  SCV  
  62  5:18  Supply Depot  
  62  5:23  SCV  
  62  5:27  Marine  
  64  5:29  SCV  
  64  5:32  Siege Tank  
  68  5:36  SCV  
  68  5:42  SCV  
  70  5:44  Command Center  
  70  5:47  Marine  
  71  5:50  Supply Depot, SCV  
  71  5:54  SCV  
  71  5:57  Refinery x2  
  73  6:02  SCV  
  72  6:05  Engineering Bay  
  72  6:06  SCV  
  74  6:12  Engineering Bay, Viking  
  74  6:14  Viking, SCV  
  74  6:18  SCV  
  72  6:27  SCV  
  72  6:29  Marine  
  72  6:30  SCV  
  72  6:32  Missile Turret x2  
  68  6:39  SCV  
  63  6:40  Terran Infantry Armor Level 1  
  63  6:41  Terran Infantry Weapons Level 1  
  63  6:42  SCV  
  63  6:44  Viking  
  63  6:52  Viking, Marine  
  63  6:53  SCV  
  66  6:54  SCV  
  66  6:57  Orbital Command  
  66  7:05  SCV  
  66  7:06  SCV  
  68  7:10  Marine  
  68  7:14  Combat Shields  
  69  7:17  Barracks  
  69  7:19  Barracks  
  69  7:21  Siege Tank  
  72  7:23  SCV  
  72  7:24  SCV  
  72  7:26  SCV  
  72  7:29  Marine  
  72  7:35  SCV  
  72  7:36  SCV  
  75  7:38  SCV  
  76  7:47  Marine  
  76  7:48  Armory  
  76  7:49  Barracks  
  76  7:51  Barracks  
  77  7:52  SCV x2  
  77  7:53  SCV  
  77  7:55  Siege Tank  
  83  8:04  Refinery x2, Supply Depot, SCV  
  83  8:05  SCV  
  85  8:07  Barracks Reactor x2  
  85  8:08  Marine  
  86  8:14  SCV  
  86  8:16  Medivac, SCV  
  86  8:17  Medivac, SCV  
  92  8:22  Supply Depot  
  92  8:26  SCV  
  92  8:28  SCV  
  92  8:29  SCV  
  92  8:32  Marine  
  98  8:38  SCV  
  98  8:41  Terran Infantry Armor Level 2, SCV x2  
  101  8:42  Barracks Reactor x2  
  101  8:44  Terran Infantry Weapons Level 2  
  101  8:47  Marine x4  
  102  8:50  Marine  
  102  8:51  SCV  
  102  8:53  SCV x2  
  102  8:54  Siege Tank  
  109  9:05  Marine x4  
  109  9:09  Medivac x2  
  116  9:14  SCV x3  
  119  9:18  Marine  
  119  9:19  Marine x4  
  119  9:22  Supply Depot, Marine  
  119  9:23  Marine x2  
  125  9:35  Siege Tank  
  125  9:36  Marine x2  
  125  9:37  Marine  
  125  9:42  Supply Depot  
  125  9:43  Marine x4  
  125  9:44  Medivac x2  
  133  9:50  Sensor Tower  
  127  9:53  Marine  
  127  9:54  Marine x3  
  127  9:55  Marine  
  127  9:56  SCV x3  
  126  10:01  Marine  
  126  10:06  Marine x3  
  120  10:11  Siege Tank, Marine  
  120  10:12  Marine  
  120  10:13  SCV  
  114  10:15  SCV  
  114  10:16  SCV  
  113  10:23  Marine  
  113  10:24  Marine x3  
  117  10:29  SCV  
  117  10:30  SCV x2  
  117  10:32  Medivac  
  121  10:41  Marine x7  
  128  10:47  Siege Tank  
  131  10:50  SCV x3  
  131  10:52  Marine x2  
  136  10:58  Supply Depot  
  136  11:01  Medivac  
  136  11:02  Medivac  
  139  11:08  Terran Infantry Weapons Level 3  
  139  11:13  Terran Infantry Armor Level 3  
  139  11:14  Marine x2  
  138  11:21  Siege Tank  
  138  11:25  Marine x7  
  128  11:29  Sensor Tower, SCV  
  128  11:30  SCV x2  
  133  11:39  Liberator x2  
  133  11:42  Marine x3  
  133  11:43  Marine x6  
  124  11:53  Siege Tank  
  127  11:54  Factory  
  127  12:00  Marine x3  
  136  12:02  Marine x3  
  136  12:07  Marine x3  
  142  12:08  Missile Turret  
  141  12:16  Supply Depot  
  141  12:17  Supply Depot  
  141  12:18  Terran Vehicle Weapons Level 1  
  141  12:24  Marine x5  
  145  12:30  Siege Tank  
  145  12:33  Marine  
  149  12:37  Factory Tech Lab  
  149  12:38  Marine x2  
  151  12:47  Command Center  
  149  12:55  Siege Tank  
  149  12:57  Marine x4  
  156  13:06  Marine  
  156  13:07  Marine x4  
  148  13:15  Marine  
  148  13:19  Siege Tank  
  139  13:20  Marine  
  139  13:21  Marine x2  
  139  13:24  Marine x4  
  145  13:30  Siege Tank  
  144  13:35  Marine x2  
  144  13:38  Marine x2  
  142  13:45  Medivac x2, Marine x2  
  148  13:50  Marine x3  
  148  13:51  Siege Tank  
  148  13:53  Marine x2  
  134  14:02  Planetary Fortress  
  124  14:04  Marine  
  124  14:06  Marine x3  
  124  14:08  Marine x2  
  124  14:11  Siege Tank  
  124  14:12  Liberator  
  124  14:13  Marine  
  124  14:14  Liberator  
  128  14:19  Marine x2  
  128  14:22  Marine  
  128  14:23  Marine  
  128  14:24  Marine x2  
  132  14:25  Siege Tank  
  132  14:26  Marine  
  141  14:34  Marine x2  
  141  14:37  Marine x2  
  147  14:42  Marine x4  
  147  14:44  Marine  
  152  14:46  Siege Tank  
  152  14:52  Marine x2  
  151  14:55  Reaper, Marine  
  151  14:58  Siege Tank  
  157  15:00  Marine x4  
  157  15:02  Marine  
  162  15:08  Terran Vehicle Weapons Level 2  
  162  15:09  Supply Depot  
  162  15:10  Marine x2  
  162  15:13  Marine  
  162  15:18  Siege Tank, Marine x4  
  162  15:19  Marine  
  163  15:22  Medivac x2  
  163  15:27  Marine  
  163  15:28  Marine x2  
  170  15:30  Siege Tank, Marine  
  174  15:35  Marine  
  174  15:36  Liberator, Marine x3  
  174  15:37  Liberator  
  174  15:41  Marine  
  173  15:45  Marine x2  
  173  15:46  Marine  
  173  15:48  Marine  
  173  15:53  Marine x3  
  173  15:54  Marine  
  181  15:59  Marine  
  181  16:03  Marine  
  183  16:10  Siege Tank x2, Marine x3  
  187  16:11  Marine  
  187  16:14  Marine  
  187  16:17  Marine x3  
  178  16:21  Marine  
  176  16:28  Marine  
  177  16:35  Marine x7  
  180  16:42  Siege Tank  
  180  16:44  Medivac x2  
  180  16:45  Orbital Command  
  179  16:55  Marine x7  
  179  16:56  Marine  
  186  17:03  Marine  
  187  17:13  Marine  
  188  17:15  Marine  
  188  17:16  Liberator x2, Marine x2  
  141  17:22  Siege Tank  
  141  17:23  Siege Tank  
  141  17:24  Marine x5  
  149  17:30  Marine  
  149  17:36  Marine x2  
  158  17:44  Marine x4  
  156  17:50  Marine  
  156  17:51  Marine x2  
  162  17:54  Marine  
  161  18:04  Marine  
  159  18:09  Siege Tank x2  
  165  18:17  Marine x2  
  165  18:18  Marine x4  
  171  18:25  Medivac  
  172  18:28  Medivac  
  172  18:31  Marine  
  172  18:33  Marine x2  
  155  18:54  Marine  
  155  18:55  Marine x2  
  158  19:06  Orbital Command  
Show
View Real Time Build Order
Export as new Build Order

JJAKJI Terran 

Build Orders: Reaper Expand 

Get SALT Encoding   

  12  0:00  SCV  
  13  0:12  SCV  
  14  0:17  Supply Depot  
  14  0:24  SCV  
  15  0:28  Refinery  
  15  0:39  SCV  
  16  0:45  Barracks  
  16  0:51  SCV  
  17  1:03  SCV  
  18  1:15  SCV  
  19  1:32  Orbital Command  
  19  1:33  Reaper  
  20  1:48  Command Center  
  20  1:58  SCV  
  21  2:02  Factory  
  21  2:06  Barracks Reactor  
  21  2:10  SCV  
  21  2:14  Refinery  
  21  2:20  Supply Depot  
  21  2:23  SCV  
  22  2:35  SCV  
  23  2:42  Marine x2  
  25  2:47  SCV  
  28  2:54  Starport  
  28  2:59  SCV  
  28  3:04  Widow Mine  
  28  3:05  Marine x2  
  29  3:09  Orbital Command  
  29  3:12  SCV  
  31  3:21  Engineering Bay  
  31  3:24  SCV  
  31  3:26  Marine  
  33  3:33  Viking  
  35  3:38  SCV  
  35  3:41  Factory Tech Lab  
  36  3:42  SCV  
  36  3:47  Marine x2  
  39  3:50  SCV  
  39  3:54  SCV  
  41  3:55  Supply Depot  
  41  4:07  Missile Turret  
  41  4:08  Missile Turret  
  41  4:10  SCV  
  41  4:11  SCV  
  41  4:12  Raven  
  45  4:21  Supply Depot  
  45  4:23  SCV x2  
  47  4:26  Cloaking Field, Marine x2  
  47  4:27  Factory Tech Lab  
  49  4:35  SCV x2  
  50  4:38  Missile Turret  
  50  4:46  Command Center  
  50  4:49  SCV x2  
  52  4:55  Banshee  
  52  4:58  Siege Tank  
  58  5:01  Supply Depot  
  58  5:03  SCV x2  
  58  5:05  Marine  
  58  5:06  Marine  
  62  5:20  Supply Depot  
  62  5:23  SCV x2  
  62  5:27  Engineering Bay  
  66  5:28  Engineering Bay  
  66  5:31  Siege Tank  
  69  5:37  SCV  
  69  5:41  SCV  
  69  5:42  Banshee  
  72  5:44  Supply Depot  
  72  5:45  Refinery x2  
  72  5:46  Marine  
  72  5:47  Marine  
  72  5:49  SCV  
  75  5:53  SCV  
  75  5:56  Terran Infantry Weapons Level 1  
  76  6:00  Orbital Command  
  76  6:01  SCV  
  76  6:04  Terran Infantry Armor Level 1  
  76  6:05  SCV  
  76  6:07  Marine x2  
  58  6:26  SCV x3  
  58  6:29  Banshee  
  64  6:37  Orbital Command  
  64  6:38  SCV x2  
  65  6:47  Barracks  
  65  6:48  Barracks  
  65  6:51  Barracks Tech Lab  
  65  6:58  SCV x2  
  64  7:02  Siege Tank  
  64  7:03  SCV  
  64  7:05  Refinery  
  65  7:09  Marine  
  65  7:10  SCV x2  
  65  7:15  Barracks, Armory  
  68  7:16  Barracks  
  68  7:18  Starport Reactor  
  68  7:19  SCV  
  68  7:22  SCV x2  
  70  7:28  Marine  
  70  7:29  Stimpack  
  70  7:31  SCV  
  70  7:34  SCV x2  
  70  7:35  Refinery, Marine  
  70  7:36  Barracks Reactor  
  74  7:43  SCV  
  74  7:44  Siege Tank  
  78  7:46  Reaper, SCV x2  
  81  7:52  Marine  
  81  7:55  SCV  
  81  7:56  Medivac  
  85  7:58  SCV x2  
  85  8:01  Medivac  
  85  8:02  Refinery  
  87  8:07  SCV  
  87  8:12  Marine x2  
  90  8:17  Barracks Reactor x2  
  90  8:18  Marine  
  90  8:19  SCV x2  
  90  8:20  Marine  
  90  8:21  SCV, Marine  
  90  8:27  Siege Tank  
  96  8:29  Factory  
  96  8:30  Marine x2  
  96  8:31  SCV x2  
  96  8:33  Supply Depot  
  96  8:34  Supply Depot  
  97  8:35  Medivac, Supply Depot  
  97  8:36  Missile Turret, Marine  
  97  8:37  Missile Turret  
  97  8:38  SCV  
  101  8:54  Marine x4  
  101  8:55  Marine, Terran Infantry Weapons Level 2, SCV x3  
  109  9:02  Supply Depot, Terran Infantry Armor Level 2  
  109  9:04  Barracks  
  109  9:05  Barracks  
  109  9:10  Marine x4  
  109  9:12  Marine x5  
  109  9:13  Factory Tech Lab  
  118  9:17  Terran Vehicle Weapons Level 1  
  118  9:20  Sensor Tower  
  116  9:28  Marine x4  
  116  9:29  Combat Shields  
  116  9:30  Marine x5  
  116  9:31  Medivac x2  
  125  9:37  SCV x3  
  116  9:46  Siege Tank, Marine x4  
  116  9:48  Marine x4  
  116  9:49  Siege Tank  
  120  10:01  Medivac  
  120  10:03  Marine  
  120  10:04  Marine x4  
  111  10:07  Marine x2  
  111  10:13  Medivac  
  105  10:16  SCV x3  
  105  10:18  Siege Tank, Barracks Reactor  
  105  10:20  Barracks Reactor  
  108  10:23  Marine x4  
  108  10:24  Marine x2  
  114  10:29  SCV x3  
  114  10:32  Medivac  
  114  10:33  Marine  
  114  10:34  Marine  
  121  10:36  Supply Depot  
  121  10:41  SCV, Marine  
  121  10:42  Marine  
  124  10:46  Sensor Tower  
  124  10:47  Marine  
  124  10:48  Marine x4  
  127  10:51  Siege Tank  
  127  10:55  Siege Tank  
  133  11:03  Marine x8  
  139  11:05  Marine x2  
  140  11:11  Supply Depot  
  140  11:14  Supply Depot  
  108  11:27  Terran Infantry Weapons Level 3, Marine x2, Terran Infantry Armor Level 3  
  108  11:28  Marine x2  
  108  11:32  Marine x4  
  119  11:40  Siege Tank  
  119  11:41  Siege Tank  
  104  11:47  Medivac  
  104  11:49  Marine x3  
  104  11:50  Marine  
  104  11:51  Marine  
  111  11:54  SCV  
  111  11:56  SCV x2  
  114  12:07  Marine x8  
  122  12:09  Marine  
  122  12:11  Marine  
  122  12:12  Marine  
  122  12:13  Marine  
  122  12:15  Marine  
  127  12:24  Marine  
  127  12:25  Marine x2  
  127  12:26  Marine x5  
  135  12:33  Siege Tank  
  135  12:35  Siege Tank  
  138  12:45  Medivac x2  
  138  12:46  Orbital Command  
  138  12:49  Marine x3  
  141  12:53  Marine  
  141  12:54  Marine x3  
  145  13:05  Siege Tank  
  148  13:07  Siege Tank  
  148  13:08  Marine  
  148  13:09  Marine  
  148  13:11  Marine  
  148  13:12  Marine x3  
  145  13:13  Marine  
  145  13:15  Marine  
  145  13:16  Marine  
  130  13:20  Marine  
  130  13:21  Marine x2  
  133  13:32  Marine x7  
  140  13:37  Siege Tank, Marine x2  
  140  13:38  Marine x2  
  141  13:46  Marine x2  
  142  13:50  Marine x2  
  142  13:52  Medivac  
  119  13:58  Medivac  
  109  14:11  Marine  
  109  14:12  Marine x4  
  114  14:20  Marine x6  
  114  14:22  Medivac  
  122  14:24  Siege Tank  
  122  14:27  Siege Tank  
  122  14:28  Medivac, Marine  
  122  14:29  Marine  
  132  14:31  Marine  
  132  14:34  Marine x2  
  132  14:37  Marine x2  
  132  14:38  Marine x2  
  139  14:41  Marine  
  139  14:42  Marine  
  139  14:46  Sensor Tower  
  139  14:51  Marine x6  
  142  14:55  Medivac  
  144  15:00  Medivac  
  144  15:05  Marine x4  
  141  15:17  Marine  
  141  15:19  Marine x7  
  146  15:24  Marine  
  146  15:25  Marine  
  147  15:30  Marine  
  147  15:31  Marine  
  147  15:35  Medivac  
  147  15:42  Marine x3  
  147  15:46  Marine  
  139  15:52  Marine  
  139  15:53  Marine  
  139  15:54  Marine x4  
  129  16:05  Marine x6  
  129  16:08  Marine  
  129  16:10  Marine  
  133  16:11  Marine  
  133  16:16  Marine x3  
  129  16:21  Medivac  
  126  16:30  Marine x5  
  126  16:31  Marine  
  126  16:32  Marine  
  133  16:41  Siege Tank  
  133  16:45  Siege Tank  
  134  16:55  Viking  
  134  16:58  Viking  
  136  17:07  Marine x3  
  137  17:08  Marine  
  138  17:16  Marine x3  
  138  17:19  Marine  
  123  17:23  SCV  
  123  17:28  Marine  
  125  17:37  Orbital Command  
  125  17:41  Marine  
  126  17:45  Marine  
  126  17:49  Marine  
  127  17:54  Marine  
  126  18:03  Marine  
  125  18:07  Marine  
  125  18:09  Marine  
  125  18:12  Marine  
  128  18:18  Marine  
  128  18:19  Marine x3  
  113  18:29  Siege Tank x2  
  110  18:46  Marine x2  
  84  19:14  Marine x2  
Tags
 
Add a new tag
Caveats
  • Supply blocks, unpowered buildings, or Contaminate may cause inaccurate times.
  • Supply counts are checked every 10 seconds.